IL
COLUMBUS CLIPPERS @ RICHMOND BRAVES
05/12/1982
 
TOP OF THE 1ST
Columbus Clippers batting - Pitching for Richmond Braves : RHP Pete Hamm
Pitching: RHP Pete Hamm
Batting: SHB Curt Wilkerson 0-0: Swinging Strike
0-1: Foul Ball, location: 2F
0-2: Ball
1-2: Ball
2-2: Ground out U3 (Groundball, 34, EV 83.1 MPH)
Batting: RHB Javier Leyva 0-0: Ground out 6-3 (Groundball, P, EV 81.3 MPH)
Batting: LHB Denny Porter 0-0: Called Strike
0-1: Ground out 6-3 (Groundball, 6M, EV 103.8 MPH)
Top of the 1st over - 0 runs, 0 hits, 0 errors, 0 left on base; Columbus 0 - Richmond 0
BOTTOM OF THE 1ST
Richmond Braves batting - Pitching for Columbus Clippers : RHP Javier Villanueva
Pitching: RHP Javier Villanueva
Batting: RHB Dave Stegman 0-0: Foul Ball, location: 2F
0-1: Swinging Strike
0-2: Ball
1-2: Ball
2-2: Ball
3-2: Fly out, F9 (Flyball, 9S, EV 85.0 MPH)
Batting: RHB Mike Fuentes 0-0: Ball
1-0: Ball
2-0: Called Strike
2-1: Fly out, F3 (Line Drive, 3, EV 60.6 MPH)
Batting: SHB Howard Johnson 0-0: Ball
1-0: Called Strike
1-1: Called Strike
1-2: Ball
2-2: Foul Ball, location: 2F
2-2: Ball
3-2: Ground out 4-3 (Groundball, 4, EV 83.8 MPH)
Bottom of the 1st over - 0 runs, 0 hits, 0 errors, 0 left on base; Columbus 0 - Richmond 0
TOP OF THE 2ND
Columbus Clippers batting - Pitching for Richmond Braves : RHP Pete Hamm
Batting: RHB Rod Allen 0-0: Called Strike
0-1: Ball
1-1: Ball
2-1: Ground out 5-3 (Groundball, 56, EV 96.3 MPH)
Batting: LHB Elijah Bonaparte 0-0: Called Strike
0-1: Called Strike
0-2: Ball
1-2: Ball
2-2: Ball
3-2: Foul Ball, location: 2F
3-2: Base on Balls
Batting: RHB Donell Nixon 0-0: Ball
1-0: Swinging Strike
1-1: Fly out, F5 (Line Drive, 5, EV 73.8 MPH)
Batting: LHB Jordan Medrano 0-0: Ball
1-0: Called Strike
1-1: Foul Ball, location: 2F
1-2: Foul Ball, location: 2F
1-2: Foul Ball, location: 2F
1-2: Fly out, F7 (Flyball, 7LS, EV 73.1 MPH)
Top of the 2nd over - 0 runs, 0 hits, 0 errors, 1 left on base; Columbus 0 - Richmond 0
BOTTOM OF THE 2ND
Richmond Braves batting - Pitching for Columbus Clippers : RHP Javier Villanueva
Batting: LHB Chris Evans 0-0: Ball
1-0: Ball
2-0: Called Strike
2-1: Ground out 5-3 (Groundball, 56, EV 103.8 MPH)
Batting: RHB John Freitas 0-0: Ball
1-0: Ball
2-0: Ball
3-0: Called Strike
3-1: Base on Balls
Batting: LHB Matt Winters 0-0: Foul Ball, location: 2F
0-1: Foul Ball, location: 2F
0-2: Foul Ball, location: 2F
0-2: Ball
1-2: Ball
2-2: SINGLE (Groundball, 3D, EV 97.5 MPH)
John Freitas to second
Runner from 2nd tries for 3rd, SAFE, throw by RF made to third
Batting: RHB Craig Kusick 0-0: Ball
1-0: Ball
2-0: Ball
3-0: Base on Balls
Matt Winters to second
Batting: SHB Julio Cruz 0-0: Ball
1-0: Ball
2-0: Fly out, F9 (Flyball, 9LD, EV 95.0 MPH)
Runner from 3rd tags up, SCORES, throw by RF
Matt Winters to third
Batting: SHB Donnie Scott 0-0: Ball
1-0: Fielders Choice at 2nd, 6-4 (Groundball, 6, EV 78.1 MPH)
Bottom of the 2nd over - 1 run, 1 hit, 0 errors, 2 left on base; Columbus 0 - Richmond 1
TOP OF THE 3RD
Columbus Clippers batting - Pitching for Richmond Braves : RHP Pete Hamm
Batting: LHB Arturo Blanco 0-0: Foul Ball, location: 2F
0-1: SINGLE (Groundball, 13S, EV 71.3 MPH) (infield hit)
Batting: RHB Luis Aguayo 0-0: Grounds into double play, 6-4-3 (Groundball, 6, EV 90.0 MPH)
Batting: SHB Curt Wilkerson 0-0: Ball
1-0: Ball
2-0: Called Strike
2-1: Foul Ball, location: 2F
2-2: Foul Ball, location: 2F
2-2: Foul Ball, location: 2F
2-2: Ground out 4-3 (Groundball, 4, EV 88.8 MPH)
Top of the 3rd over - 0 runs, 1 hit, 0 errors, 0 left on base; Columbus 0 - Richmond 1
BOTTOM OF THE 3RD
Richmond Braves batting - Pitching for Columbus Clippers : RHP Javier Villanueva
Batting: RHB Dave Stegman 0-0: Called Strike
0-1: Ball
1-1: Foul Ball, location: 2F
1-2: Foul Ball, location: 2F
1-2: Foul Ball, location: 2F
1-2: Foul Ball, location: 2F
1-2: Foul Ball, location: 2F
1-2: Foul Ball, location: 2F
1-2: Foul Ball, location: 2F
1-2: Foul Ball, location: 2F
1-2: Ground out 3-1 (Groundball, 34S, EV 84.4 MPH)
Batting: RHB Mike Fuentes 0-0: Called Strike
0-1: Fly out, F9 (Flyball, 9LS, EV 88.1 MPH)
Batting: SHB Howard Johnson 0-0: Hit by Pitch
Batting: LHB Chris Evans 0-0: Called Strike
0-1: Ball
1-1: SINGLE (Flyball, 4MD, EV 91.3 MPH)
Howard Johnson to second
Batting: RHB John Freitas 0-0: Called Strike
0-1: Fielders Choice at 2nd, 6-4 (Groundball, 6, EV 101.9 MPH)
Bottom of the 3rd over - 0 runs, 1 hit, 0 errors, 2 left on base; Columbus 0 - Richmond 1
TOP OF THE 4TH
Columbus Clippers batting - Pitching for Richmond Braves : RHP Pete Hamm
Batting: RHB Javier Leyva 0-0: Ball
1-0: Called Strike
1-1: Ball
2-1: Swinging Strike
2-2: Ground out 4-3 (Groundball, 4, EV 81.9 MPH)
Batting: LHB Denny Porter 0-0: Ball
1-0: SINGLE (Line Drive, 4MD, EV 103.8 MPH)
Batting: RHB Rod Allen 0-0: Ball
1-0: Fly out, F8 (Line Drive, 8LM, EV 96.3 MPH)
Batting: LHB Elijah Bonaparte 0-0: SINGLE (Line Drive, 7S, EV 109.4 MPH)
Denny Porter to second
Batting: RHB Donell Nixon 0-0: Ball
1-0: Ball
2-0: Ball
3-0: Called Strike
3-1: Fielders Choice at 2nd, 5-4 (Groundball, 56, EV 110.6 MPH)
Top of the 4th over - 0 runs, 2 hits, 0 errors, 2 left on base; Columbus 0 - Richmond 1
BOTTOM OF THE 4TH
Richmond Braves batting - Pitching for Columbus Clippers : RHP Javier Villanueva
Batting: LHB Matt Winters 0-0: Called Strike
0-1: Ball
1-1: Fly out, F8 (Flyball, 8LM, EV 88.1 MPH)
Batting: RHB Craig Kusick 0-0: Ball
1-0: Called Strike
1-1: Ground out 3-1 (Groundball, 34S, EV 81.9 MPH)
Batting: SHB Julio Cruz 0-0: Ball
1-0: Swinging Strike
1-1: Ball
2-1: Ball
3-1: Base on Balls
Batting: SHB Donnie Scott Balk!
Julio Cruz to second
0-0: Ball
1-0: Swinging Strike
1-1: Foul Ball, location: 2F
1-2: Ball
2-2: Foul Ball, location: 2F
2-2: Fly out, F8 (Flyball, 8LD, EV 106.3 MPH)
Bottom of the 4th over - 0 runs, 0 hits, 0 errors, 1 left on base; Columbus 0 - Richmond 1
TOP OF THE 5TH
Columbus Clippers batting - Pitching for Richmond Braves : RHP Pete Hamm
Batting: LHB Jordan Medrano 0-0: Ball
1-0: Ball
2-0: Foul Ball, location: 2F
2-1: Ball
3-1: Ground out U3 (Groundball, 3, EV 80.0 MPH)
Batting: LHB Arturo Blanco 0-0: Ball
1-0: Swinging Strike
1-1: Swinging Strike
1-2: Ground out 6-3 (Groundball, 56, EV 81.3 MPH)
Batting: RHB Luis Aguayo 0-0: Foul Ball, location: 2F
0-1: Foul Ball, location: 2F
0-2: Strikes out swinging
Top of the 5th over - 0 runs, 0 hits, 0 errors, 0 left on base; Columbus 0 - Richmond 1
BOTTOM OF THE 5TH
Richmond Braves batting - Pitching for Columbus Clippers : RHP Javier Villanueva
Batting: RHB Dave Stegman 0-0: Ball
1-0: Swinging Strike
1-1: Foul Ball, location: 2F
1-2: Ball
2-2: Ball
3-2: Foul Ball, location: 2F
3-2: Fly out, F4 (Popup, 3DF, EV 48.8 MPH)
Batting: RHB Mike Fuentes 0-0: Ball
1-0: SOLO HOME RUN (Line Drive, 7D, EV 97.5 MPH), Distance : 385 ft
Batting: SHB Howard Johnson 0-0: Ball
1-0: Called Strike
1-1: Ball
2-1: Ball
3-1: Called Strike
3-2: Base on Balls
Batting: LHB Chris Evans 0-0: Ball
1-0: Called Strike
1-1: Foul Ball, location: 2F
1-2: Foul Ball, location: 2F
1-2: Ball
2-2: Fly out, F7 (Line Drive, 7D, EV 85.6 MPH)
Batting: RHB John Freitas 0-0: Ball
1-0: Called Strike
1-1: Ball
2-1: Ball
3-1: Ground out 1-3 (Groundball, 23, EV 64.4 MPH)
Bottom of the 5th over - 1 run, 1 hit, 0 errors, 1 left on base; Columbus 0 - Richmond 2
TOP OF THE 6TH
Columbus Clippers batting - Pitching for Richmond Braves : RHP Pete Hamm
Batting: SHB Curt Wilkerson 0-0: Called Strike
0-1: Foul Ball, location: 2F
0-2: Ball
1-2: SINGLE (Groundball, 5S, EV 74.4 MPH) (infield hit)
Batting: RHB Javier Leyva 0-0: Ball
1-0: Fly out, F8 (Flyball, 8RD, EV 98.8 MPH)
Batting: LHB Denny Porter 0-0: Ball
1-0: Ball
2-0: Foul Ball, location: 2F
2-1: Swinging Strike
2-2: Ball
Curt Wilkerson steals 2nd base
3-2: Strikes out swinging
Batting: RHB Rod Allen 0-0: Called Strike
0-1: Called Strike
0-2: Ball
1-2: Ball
2-2: Strikes out swinging
Top of the 6th over - 0 runs, 1 hit, 0 errors, 1 left on base; Columbus 0 - Richmond 2
BOTTOM OF THE 6TH
Richmond Braves batting - Pitching for Columbus Clippers : RHP Javier Villanueva
Pitching: RHP Steven Javie
Batting: LHB Matt Winters 0-0: Foul Ball, location: 2F
0-1: Ball
1-1: Ball
2-1: Fly out, F9 (Flyball, 89D, EV 97.5 MPH)
Batting: RHB Craig Kusick 0-0: Called Strike
0-1: Ball
1-1: Ball
2-1: Called Strike
2-2: SINGLE (Groundball, 34D, EV 97.5 MPH)
Batting: SHB Julio Cruz 0-0: Ball
1-0: Called Strike
1-1: Called Strike
1-2: Ball
2-2: Fly out, F8 (Line Drive, 8RM, EV 90.6 MPH)
Batting: SHB Donnie Scott 0-0: Ball
1-0: Swinging Strike
1-1: Swinging Strike
1-2: Strikes out swinging
Bottom of the 6th over - 0 runs, 1 hit, 0 errors, 1 left on base; Columbus 0 - Richmond 2
TOP OF THE 7TH
Columbus Clippers batting - Pitching for Richmond Braves : RHP Pete Hamm
Batting: LHB Elijah Bonaparte 0-0: Foul Ball, location: 2F
0-1: Swinging Strike
0-2: Ball
1-2: Fly out, F7 (Flyball, 7LM, EV 74.4 MPH)
Batting: RHB Donell Nixon 0-0: Called Strike
0-1: Foul Ball, location: 2F
0-2: Foul Ball, location: 2F
0-2: Ball
1-2: Ball
2-2: Strikes out swinging
Batting: LHB Jordan Medrano 0-0: Ground out 4-3 (Groundball, 4, EV 85.0 MPH)
Top of the 7th over - 0 runs, 0 hits, 0 errors, 0 left on base; Columbus 0 - Richmond 2
BOTTOM OF THE 7TH
Richmond Braves batting - Pitching for Columbus Clippers : RHP Steven Javie
Batting: RHB Dave Stegman 0-0: Ground out 5-3 (Groundball, 56, EV 84.4 MPH)
Batting: RHB Mike Fuentes 0-0: SINGLE (Line Drive, 8LS, EV 111.9 MPH)
Batting: SHB Howard Johnson 0-0: Ball
Mike Fuentes steals 2nd, throwing error, E2
Mike Fuentes to third
1-0: Ball
2-0: Ball
3-0: Called Strike
3-1: Fly out, F8 (Flyball, 8RXD, EV 99.4 MPH)
Runner from 3rd tags up, SCORES, no throw by CF
Batting: LHB Chris Evans 0-0: Ball
1-0: Foul Ball, location: 2F
1-1: Ball
2-1: Ball
3-1: Base on Balls
Batting: RHB John Freitas 0-0: Fly out, F8 (Flyball, 8LS, EV 85.6 MPH)
Bottom of the 7th over - 1 run, 1 hit, 1 error, 1 left on base; Columbus 0 - Richmond 3
TOP OF THE 8TH
Columbus Clippers batting - Pitching for Richmond Braves : RHP Pete Hamm
Batting: LHB Arturo Blanco 0-0: Ball
1-0: Fly out, F8 (Flyball, 8RD, EV 75.6 MPH)
Batting: RHB Luis Aguayo 0-0: Ball
1-0: Ground out 1-3 (Groundball, P, EV 70.0 MPH)
Batting: SHB Curt Wilkerson 0-0: SINGLE (Groundball, 34D, EV 100.6 MPH)
Batting: RHB Javier Leyva 0-0: Fly out, F7 (Flyball, 78D, EV 87.5 MPH)
Top of the 8th over - 0 runs, 1 hit, 0 errors, 1 left on base; Columbus 0 - Richmond 3
BOTTOM OF THE 8TH
Richmond Braves batting - Pitching for Columbus Clippers : RHP Steven Javie
Batting: LHB Matt Winters 0-0: Swinging Strike
0-1: Swinging Strike
0-2: Ball
1-2: Strikes out looking
Batting: RHB Craig Kusick 0-0: Called Strike
0-1: Foul Ball, location: 2F
0-2: Strikes out looking
Batting: SHB Julio Cruz 0-0: Ball
1-0: Foul Ball, location: 2F
1-1: Ball
2-1: Swinging Strike
2-2: Strikes out swinging
Bottom of the 8th over - 0 runs, 0 hits, 0 errors, 0 left on base; Columbus 0 - Richmond 3
TOP OF THE 9TH
Columbus Clippers batting - Pitching for Richmond Braves : RHP Pete Hamm
Batting: LHB Denny Porter 0-0: Called Strike
0-1: Ball
1-1: Foul Ball, location: 2F
1-2: Ball
2-2: Fly out, F9 (Flyball, 9LS, EV 88.8 MPH)
Batting: RHB Rod Allen 0-0: Called Strike
0-1: Fly out, F7 (Flyball, 7D, EV 95.0 MPH)
Batting: LHB Elijah Bonaparte 0-0: Ball
1-0: Fly out, F8 (Line Drive, 8LD, EV 87.5 MPH)
Top of the 9th over - 0 runs, 0 hits, 0 errors, 0 left on base; Columbus 0 - Richmond 3
Thursday, July 30th, 2020 - OOTP Baseball 21.5 Build 71